 Dungeon Crawl Stone Soup version 0.32-a0-329-ge6c31236d6 (webtiles) character file.

Game seed: 9499474445687197148

501 MachoJfn the Chopper (level 6, -1/47 HPs)
             Began as a Demonspawn Gladiator on Feb 15, 2024.
             Was a Follower of Lugonu.
             Slain by Pikel
             ... wielding a +1 whip of flaming
              (2 damage)
             ... on level 4 of the Dungeon on Feb 16, 2024.
             The game lasted 00:08:54 (3147 turns).

MachoJfn the Chopper (Demonspawn Gladiator)         Turns: 3147, Time: 00:08:54

Health: -1/47      AC:  4    Str: 16    XL:     6   Next: 95%
Magic:  6/6        EV: 13    Int:  8    God:    Lugonu [*.....]
Gold:   201        SH:  8    Dex: 15    Spells: 5/5 levels left

rFire   . . .        i - +2 hand axe (heavy)
rCold   . . .        (no shield)
rNeg    . . .        b - +0 leather armour
rPois   .            c - +0 helmet
rElec   .            (no cloak)
rCorr   .            (no gloves)
SInv    .            (no boots)
Will    .....        (no amulet)
Stlth   ++           p - ring of flight
HPRegen 0.27/turn    (no ring)
MPRegen 0.10/turn

%: no passive effects
@: flying
A: large bone plates 3
a: Renounce Religion, Depart the Abyss


You were on level 4 of the Dungeon.
You worshipped Lugonu.
Lugonu was aware of your devotion.
You visited 2 branches of the dungeon, and saw 5 of its levels.

You collected 201 gold pieces.

Inventory:

Hand Weapons
 i - a +2 heavy hand axe (weapon)
 r - a +0 scythe
Missiles
 d - 3 throwing nets (quivered)
 e - a javelin
 l - 38 stones
Armour
 a - an orb of guile
 b - a +0 leather armour (worn)
 c - a +0 helmet (worn)
Jewellery
 p - a ring of flight (left hand)
Scrolls
 g - 5 scrolls of teleportation
 m - a scroll of revelation {unknown}
 n - 2 scrolls of butterflies {unknown}
 q - 2 scrolls of blinking {unknown}
Potions
 f - a potion of cancellation {unknown}
 h - a potion of curing
 j - a potion of attraction
 k - a potion of ambrosia {unknown}
 o - a potion of enlightenment {unknown}


   Skills:
 + Level 3.0 Fighting
 + Level 4.6 Axes
 - Level 1.7 Throwing
 + Level 2.2 Armour
 + Level 3.9 Dodging
 + Level 1.3 Stealth
 - Level 2.4 Unarmed Combat


You had 5 spell levels left.
You didn't know any spells.
Your spell library contained the following spells:

 Spells                   Type           Power      Damage    Failure   Level
 Sting                    Conj/Alch      0%         1d3       47%         1
 Mercury Vapours          Alch/Air       0%         N/A       63%         2
 Gell's Gravitas          Tloc           0%         N/A       85%         3
 Teleport Other           Tloc           0%         N/A       85%         3
 Olgreb's Toxic Radiance  Alch           0%         N/A       99%         4
 Dispersal                Tloc           0%         N/A       100%        6


Dungeon Overview and Level Annotations

Branches:
Dungeon (4/15)             Temple (1/1) D:4

Altars:
Ashenzari
Fedhas
Gozag
Hepliaklqana
Kikubaaqudgha
Makhleb
Nemelex Xobeh
Okawaru
Qazlal
Ru
Sif Muna
Uskayaw
Vehumet
Yredelemnul
Lugonu

Annotations:
D:4 Pikel


Innate Abilities, Weirdness & Mutations

You are completely covered in large bone plates. (SH +8)


Message History

Pikel is moderately wounded.
You slash the lemure! You hit the lemure but do no damage.
You block Pikel's attack. The lemure closely misses you. x2
Pikel closely misses you. The lemure hits you! The lemure hits you.
You hit Pikel.
Pikel is heavily wounded.
You hit the lemure. You barely miss the lemure. The lemure hits you.
Pikel closely misses you. The lemure hits you. The hobgoblin misses you.
You block the lemure's attack. Pikel closely misses you. The lemure hits you.
You hit Pikel.
Pikel is heavily wounded.
You barely miss the lemure. You hit the hobgoblin.
You kill the hobgoblin!
Lugonu accepts your kill.
You closely miss the lemure. You block the lemure's attack.
The lemure hits you. Pikel misses you.
Unknown command.
You hit Pikel but do no damage.
Pikel is heavily wounded.
You hit the lemure. x2; Pikel barely misses you.
The lemure hits you.
* * * LOW HITPOINT WARNING * * *
The lemure hits you.
* * * LOW HITPOINT WARNING * * *
Pikel hits you with a +1 whip of flaming.
* * * LOW HITPOINT WARNING * * *
Pikel burns you.
* * * LOW HITPOINT WARNING * * *
You block the lemure's attack. The lemure misses you.
You barely miss Pikel.
Pikel is heavily wounded.
You barely miss the lemure. x2; The lemure barely misses you.
The lemure hits you.
* * * LOW HITPOINT WARNING * * *
Pikel barely misses you.
You feel better.
Pikel hits you with a +1 whip of flaming!
* * * LOW HITPOINT WARNING * * *
Pikel burns you.
You die...
Pikel says, "See you in Hell!"

####### #...... #
#.#####
.#..#5############.#####
.....55@................
.#.##.K5.†...#####.###..
.........##.# #.# #.#
#.######.##.# #.# #.. ..
..##.# #.##### . #####.#
#...... ..# ####### ###
..#######


You could see Pikel and 4 lemures.

Vanquished Creatures
  Sigmund (D:3)
  A bombardier beetle (D:3)
  An orc priest (D:3)
  Natasha (D:4)
  2 orc wizards (D:3)
  4 adders
  A dart slug (D:1)
  2 ribbon worms
  7 orcs
  10 bats
  8 endoplasms
  3 giant cockroaches
  9 goblins
  8 hobgoblins
  5 jackals
  3 quokkas (D:3)
  9 ball pythons
  3 frilled lizards
  2 kobolds
  5 rats
85 creatures vanquished.

Notes
Turn   | Place    | Note
-------+----------+-------------------------------------------
     0 | D:1      | MachoJfn the Demonspawn Gladiator began the quest for the
                  | Orb.
     0 | D:1      | Reached XP level 1. HP: 16/16 MP: 1/1
    19 | D:1      | Reached skill level 3 in Axes
    67 | D:1      | Gained mutation: You are partially covered in large bone
                  | plates. (SH +4) [demonic ancestry]
    67 | D:1      | Reached XP level 2. HP: 16/22 MP: 2/2
   207 | D:1      | Reached XP level 3. HP: 27/27 MP: 3/3
   361 | D:1      | Reached skill level 1 in Unarmed Combat
   606 | D:1      | Reached skill level 1 in Armour
   836 | D:2      | Found an iron altar of Okawaru.
   838 | D:2      | Gained mutation: You are mostly covered in large bone
                  | plates. (SH +6) [demonic ancestry]
   838 | D:2      | Reached XP level 4. HP: 32/33 MP: 4/4
  1640 | D:3      | Reached XP level 5. HP: 36/39 MP: 5/5
  1667 | D:3      | Noticed Sigmund
  1670 | D:3      | Found a sacrificial altar of Ru.
  1679 | D:3      | Killed Sigmund
  1680 | D:3      | Reached skill level 4 in Axes
  1680 | D:3      | Reached skill level 1 in Stealth
  1680 | D:3      | Gained mutation: You are completely covered in large bone
                  | plates. (SH +8) [demonic ancestry]
  1680 | D:3      | Reached XP level 6. HP: 33/46 MP: 6/6
  1789 | D:3      | Upgraded the game from 0.32-a0-314-g526f7d4993 to
                  | 0.32-a0-329-ge6c31236d6
  2447 | D:3      | Found a faded altar of an unknown god.
  2464 | D:3      | Prayed at the altar of an unknown god.
  2464 | D:3      | Became a worshipper of Lugonu the Unformed
  2464 | D:3      | Reached * piety under Lugonu
  2937 | D:4      | Noticed Natasha
  2946 | D:4      | Killed Natasha
  3056 | D:4      | Found a staircase to the Ecumenical Temple.
  3062 | Temple   | Entered the Ecumenical Temple
  3134 | D:4      | Noticed Pikel
  3146 | D:4      | HP: 2/47 [lemure[Pikel] (1)]
  3147 | D:4      | Slain by Pikel

Illustrated notes

Levels and vault maps discovered:
D:1:      onia_arrival_handbag, layout_loops_ring
D:2:      layout_basic, basic_altar
D:3:      layout_loops_ring, hangedman_ru_absence,
          hellmonk_ecumenical_altar_lost_god, uniq_sigmund
D:4:      layout_basic, grunt_dithmenos_smoke, minmay_temple_entry_tees,
          serial_shops, shop, nicolae_shop_tiny_waterfront,
          nicolae_shop_just_a_little_nook, nicolae_shop_pleasant_corner_grove,
          uniq_pikel, uniq_natasha
Temple:   eino_wide_crystal_templ

Skill      XL: |  1  2  3  4  5  6 |
---------------+-------------------+-----
Axes           | 3 4 |  4.6
Dodging        | 3 |  3.9
Unarmed Combat | 1 2 |  2.4
Armour         | 1 2 |  2.2
Stealth        | 1 |  1.3
Fighting       | 3 |  3.0
Throwing       | |  1.7

Action                     |  1- 3 |  4- 6 || total
---------------------------+-------+-------++-------
  Melee: War axe           |    43 |       ||    43
         Hand axe          |    44 |   135 ||   179
  Throw: Throwing net      |       |     1 ||     1
    Use: Scroll            |     3 |     2 ||     5
         Potion            |       |     3 ||     3
   Stab: Sleeping          |     2 |     2 ||     4
 Armour: Leather armour    |    58 |   117 ||   175
  Dodge: Dodged            |   105 |   143 ||   248
  Block: Other             |    10 |    54 ||    64

Table legend: (Time is in decaauts)
 A = Elapsed time spent in this place.
 B = Non-inter-level travel time spent in this place.
 C = Inter-level travel time spent in this place.
 D = Time resting spent in this place.
 E = Time spent auto-exploring this place.
 F = Levels seen in this place.
 G = Mean time per level.
                   A        B        C        D        E       F      G
               +--------+--------+--------+--------+--------+-----+--------+
         Total |   3289 |   2926 |    363 |    623 |   1514 |   5 |  657.8 |
       Dungeon |   3287 |   2924 |    363 |    623 |   1514 |   4 |  821.8 |
        Temple |      1 |      1 |      0 |      0 |      0 |   1 |    1.0 |
               +--------+--------+--------+--------+--------+-----+--------+

Top non-repeatable levels by time:
     D:3: 1416 daAuts
     D:1: 843 daAuts
     D:2: 741 daAuts
     D:4: 286 daAuts
  Temple: 1 daAuts
